 Dungeon Crawl Stone Soup version 0.31-a0-175-g9f7f995f2b (webtiles) character file.

Game seed: 11788689127126092967

420 qw the Shooter (level 6, -2/57 HPs)
             Began as a Naga Hunter on June 16, 2023.
             Slain by a kobold brigand
             ... wielding a +0 dagger
              (3 damage)
             ... on level 4 of the Dungeon.
             The game lasted 00:01:13 (2776 turns).

qw the Shooter (Naga Hunter)                        Turns: 2776, Time: 00:01:14

Health: -2/57      AC:  3    Str: 13    XL:     6   Next: 94%
Magic:  6/6        EV:  9    Int: 10    God:
Gold:   180        SH:  0    Dex: 16    Spells: 5/5 levels left

rFire   . . .        f - +0 longbow
rCold   . . .        (shield currently unavailable)
rNeg    . . .        c - +0 leather armour
rPois   +            (no helmet)
rElec   .            (no cloak)
rCorr   .            (no gloves)
SInv    +            (no barding)
Will    .....        (no amulet)
Stlth   ++           (no ring)
HPRegen 0.29/turn    (no ring)
MPRegen 0.10/turn

%: no passive effects
@: about to teleport, short of breath, very slow
A: AC +2, large, see invisible, deformed body, poison resistance, slowness 2,
spit poison 1, naga tail 1
a: Spit Poison


You were on level 4 of the Dungeon.
You visited 1 branch of the dungeon, and saw 4 of its levels.

You collected 180 gold pieces.


Innate Abilities, Weirdness & Mutations

Your serpentine skin is tough. (AC +2)
You have supernaturally acute eyesight. (SInv)
Armour fits poorly on your strangely shaped body.
Your system is resistant to poisons. (rPois)
You cover ground very slowly.
You can spit poison.
You have a snake-like lower body.


   Skills:
 - Level 4.0 Fighting
 + Level 6.5 Ranged Weapons
 - Level 1.5 Dodging
 - Level 1.5 Stealth


You had 5 spell levels left.
You didn't know any spells.
Your spell library was empty.

Inventory:

Hand Weapons
 f - a +0 longbow (weapon)
Armour
 c - a +0 leather armour (worn)
Scrolls
 a - 2 scrolls of teleportation
 b - 3 scrolls of identify
Potions
 d - a potion of might {unknown}
 e - a potion of heal wounds {unknown}
 g - a potion of cancellation {unknown}
 h - a potion of degeneration {unknown}
 i - a potion of enlightenment {unknown}

Dungeon Overview and Level Annotations

Branches:
Dungeon (4/15)
 Temple: D:4-7

Altars:
Elyvilon
Makhleb

Shops:
D:4 [


Message History

The arrow closely misses the kobold brigand.
The arrow barely misses the kobold.
You have got your breath back.
The kobold brigand hits you but does no damage.
The kobold hits you with a +0 whip. The kobold hits you but does no damage.
The kobold closely misses you.
2771 ||| INVOKING Spit Poison.
Aiming: Spit Poison (1% risk of failure)
Press: ? - help, Shift-Dir - straight line, f/p - kobold brigand The splash of poison hits the kobold brigand.
The kobold brigand looks even sicker.
The kobold brigand is moderately wounded.
The kobold closely misses you. The kobold hits you with a +0 whip.
You shoot an arrow. The arrow hits the kobold brigand!
The kobold brigand is heavily wounded.
The kobold brigand barely misses you. The kobold hits you but does no damage.
The kobold barely misses you.
You shoot an arrow.
The arrow hits the kobold brigand but does no damage.
The kobold brigand is heavily wounded.
The kobold brigand hits you with a +0 dagger.
The kobold hits you but does no damage. x2
You shoot an arrow. The arrow hits the kobold brigand.
The kobold brigand is severely wounded.
The kobold brigand hits you with a +0 dagger.
The kobold hits you with a +0 whip. x2
The kobold brigand hits you with a +0 dagger!
The kobold hits you but does no damage. The kobold hits you with a +0 whip.
2775 ||| READING 3 scrolls of teleportation.
As you read the scroll of teleportation, it crumbles to dust.
You feel strangely unstable.
You have got your breath back.
The kobold brigand closely misses you. The kobold barely misses you.
The kobold closely misses you.
2776 ||| INVOKING Spit Poison.
Aiming: Spit Poison (1% risk of failure)
Press: ? - help, Shift-Dir - straight line, f/p - kobold brigand The splash of poison misses the kobold brigand.
The kobold brigand hits you with a +0 dagger.
You die...

#..........#................
#..##...........##..........
#....#...####..###..........
##...##.)..##.7# #.......###
##.. #P:.7#### ##.........
..# ##7.77# #......... ###
#....7## ##....[...
##7)KK.## #.....#.. #.@KK.#
#.....#.. ##77K7# ########.
.7 #... .K ###.


.KK ## .... K.%.. .¤¤... You could see a kobold brigand (poisoned) and 4
kobolds.

Vanquished Creatures
  A sky beast (D:4)
  A scorpion (D:4)
  4 orc wizards
  4 gnolls (D:3)
  5 adders
  10 orcs
  6 ball pythons
  10 endoplasms
  4 goblins
  5 hobgoblins
  2 jackals (D:1)
  4 quokkas
  5 bats
  3 frilled lizards
  16 kobolds
  4 rats (D:1)
84 creatures vanquished.

Notes
Turn   | Place    | Note
-------+----------+-------------------------------------------
     0 | D:1      | qw the Naga Hunter began the quest for the Orb.
     0 | D:1      | Reached XP level 1. HP: 19/19 MP: 1/1
     0 | D:1      | 0 ||| qw: Version: 0.2-a-29-g511e9b1
     0 | D:1      | 0 ||| qw: Game counter: 86
     0 | D:1      | 0 ||| qw: Always use a shield: true
     0 | D:1      | 0 ||| qw: God list: Okawaru
     0 | D:1      | 0 ||| qw: Allow faded altars: false
     0 | D:1      | 0 ||| qw: Do Orc after D:15 true
     0 | D:1      | 0 ||| qw: Do second Lair branch before Depths: true
     0 | D:1      | 0 ||| qw: Lair rune preference: random
     0 | D:1      | 0 ||| qw: Plans: Normal
     0 | D:1      | 0 ||| PLANNING D:1-11
    89 | D:1      | 89 ||| INVOKING Spit Poison.
    90 | D:1      | 90 ||| INVOKING Spit Poison.
   147 | D:1      | 147 ||| INVOKING Spit Poison.
   155 | D:1      | 155 ||| INVOKING Spit Poison.
   194 | D:1      | Reached skill level 4 in Ranged Weapons
   194 | D:1      | Reached XP level 2. HP: 26/26 MP: 2/2
   223 | D:1      | 223 ||| INVOKING Spit Poison.
   230 | D:1      | 230 ||| INVOKING Spit Poison.
   261 | D:1      | 261 ||| INVOKING Spit Poison.
   266 | D:1      | 266 ||| INVOKING Spit Poison.
   272 | D:1      | 272 ||| INVOKING Spit Poison.
   285 | D:1      | 285 ||| INVOKING Spit Poison.
   290 | D:1      | 290 ||| INVOKING Spit Poison.
   303 | D:1      | 303 ||| INVOKING Spit Poison.
   313 | D:1      | 313 ||| INVOKING Spit Poison.
   314 | D:1      | 314 ||| INVOKING Spit Poison.
   318 | D:1      | 318 ||| INVOKING Spit Poison.
   321 | D:1      | 321 ||| INVOKING Spit Poison.
   323 | D:1      | Reached XP level 3. HP: 29/32 MP: 3/3
   391 | D:1      | 391 ||| INVOKING Spit Poison.
   396 | D:1      | 396 ||| INVOKING Spit Poison.
   504 | D:1      | 504 ||| INVOKING Spit Poison.
   570 | D:1      | Found a faded altar of an unknown god.
   573 | D:1      | 573 ||| READING 4 scrolls labelled GEONLE LEUCK.
   574 | D:1      | 574 ||| READING scroll labelled AMNIEQ BANK.
   575 | D:1      | 575 ||| READING scroll labelled TAGUS ULAK JADGH.
   579 | D:1      | 579 ||| READING scroll labelled CAUTTIALYF.
   580 | D:1      | 580 ||| DROPPING 3 scrolls of amnesia.
   581 | D:1      | 581 ||| DROPPING scroll of butterflies.
   619 | D:2      | 619 ||| INVOKING Spit Poison.
   625 | D:2      | 625 ||| INVOKING Spit Poison.
   698 | D:2      | 698 ||| INVOKING Spit Poison.
   816 | D:2      | 816 ||| INVOKING Spit Poison.
   853 | D:2      | 853 ||| INVOKING Spit Poison.
   891 | D:2      | 891 ||| INVOKING Spit Poison.
   900 | D:2      | 900 ||| INVOKING Spit Poison.
   901 | D:2      | 901 ||| INVOKING Spit Poison.
   912 | D:2      | 912 ||| INVOKING Spit Poison.
   924 | D:2      | 924 ||| INVOKING Spit Poison.
   933 | D:2      | Reached skill level 5 in Ranged Weapons
   933 | D:2      | Reached XP level 4. HP: 39/39 MP: 4/4
   977 | D:2      | 977 ||| INVOKING Spit Poison.
   981 | D:2      | 981 ||| INVOKING Spit Poison.
   982 | D:2      | 982 ||| INVOKING Spit Poison.
   985 | D:2      | 985 ||| INVOKING Spit Poison.
  1278 | D:2      | 1278 ||| INVOKING Spit Poison.
  1294 | D:2      | 1294 ||| READING 2 scrolls labelled QOS SOAWNIMEE.
  1295 | D:2      | 1295 ||| READING scroll of enchant weapon.
  1295 | D:2      | 1295 ||| ENCHANTING +1 shortbow.
  1296 | D:2      | 1296 ||| READING scroll labelled JEYMUONOYF.
  1297 | D:2      | 1297 ||| READING scroll labelled YWOIGO DESCHYHI.
  1298 | D:2      | 1298 ||| READING scroll labelled YRCHUE TIEXYAC.
  1299 | D:2      | 1299 ||| DRINKING 3 fuming red potions.
  1347 | D:3      | 1347 ||| INVOKING Spit Poison.
  1357 | D:3      | 1357 ||| INVOKING Spit Poison.
  1362 | D:3      | 1362 ||| INVOKING Spit Poison.
  1429 | D:3      | 1429 ||| INVOKING Spit Poison.
  1435 | D:3      | Reached skill level 3 in Fighting
  1435 | D:3      | 1435 ||| INVOKING Spit Poison.
  1496 | D:3      | 1496 ||| INVOKING Spit Poison.
  1500 | D:3      | 1500 ||| INVOKING Spit Poison.
  1507 | D:3      | 1507 ||| INVOKING Spit Poison.
  1514 | D:3      | Reached XP level 5. HP: 34/49 MP: 5/5
  1576 | D:3      | 1576 ||| INVOKING Spit Poison.
  1579 | D:3      | 1579 ||| INVOKING Spit Poison.
  1583 | D:3      | 1583 ||| INVOKING Spit Poison.
  1630 | D:3      | 1630 ||| INVOKING Spit Poison.
  1659 | D:3      | 1659 ||| INVOKING Spit Poison.
  1660 | D:3      | 1660 ||| Stepping ~*~*~tactically~*~*~ (outnumbered).
  1663 | D:3      | 1663 ||| INVOKING Spit Poison.
  1666 | D:3      | 1666 ||| Stepping ~*~*~tactically~*~*~ (outnumbered).
  1668 | D:3      | 1668 ||| INVOKING Spit Poison.
  1671 | D:3      | 1671 ||| DRINKING 2 potions of curing.
  1671 | D:3      | 1671 ||| (to cure confusion)
  1672 | D:3      | 1672 ||| DRINKING potion of curing.
  1672 | D:3      | 1672 ||| (to cure confusion)
  1673 | D:3      | 1673 ||| INVOKING Spit Poison.
  1679 | D:3      | 1679 ||| INVOKING Spit Poison.
  1687 | D:3      | 1687 ||| INVOKING Spit Poison.
  1693 | D:3      | 1693 ||| INVOKING Spit Poison.
  1696 | D:3      | 1696 ||| INVOKING Spit Poison.
  1815 | D:3      | 1815 ||| INVOKING Spit Poison.
  1997 | D:3      | 1997 ||| INVOKING Spit Poison.
  2045 | D:3      | 2045 ||| READING scroll labelled LEIWKA TEOR.
  2046 | D:3      | 2046 ||| READING scroll labelled VETUAPS QYILO.
  2055 | D:4      | 2055 ||| INVOKING Spit Poison.
  2064 | D:4      | 2064 ||| INVOKING Spit Poison.
  2166 | D:4      | 2166 ||| INVOKING Spit Poison.
  2169 | D:4      | Reached skill level 6 in Ranged Weapons
  2185 | D:4      | Noticed a sky beast
  2187 | D:4      | 2187 ||| INVOKING Spit Poison.
  2194 | D:4      | 2194 ||| INVOKING Spit Poison.
  2200 | D:4      | 2200 ||| INVOKING Spit Poison.
  2200 | D:4      | Killed a sky beast
  2201 | D:4      | Reached XP level 6. HP: 18/57 MP: 6/6
  2350 | D:4      | 2350 ||| UPGRADING to +0 longbow.
  2351 | D:4      | 2351 ||| DROPPING +2 shortbow.
  2357 | D:4      | 2357 ||| INVOKING Spit Poison.
  2400 | D:4      | Found a burning altar of Makhleb.
  2477 | D:4      | Found Osuc's Armour Shop.
  2484 | D:4      | 2484 ||| INVOKING Spit Poison.
  2492 | D:4      | 2492 ||| SHOPLISTING +3 leather armour "Hapet" {rF+} (372
                  | gold, have 155).
  2498 | D:4      | 2498 ||| INVOKING Spit Poison.
  2501 | D:4      | 2501 ||| INVOKING Spit Poison.
  2532 | D:4      | 2532 ||| INVOKING Spit Poison.
  2540 | D:4      | Found a white marble altar of Elyvilon.
  2630 | D:4      | 2630 ||| INVOKING Spit Poison.
  2645 | D:4      | 2645 ||| INVOKING Spit Poison.
  2649 | D:4      | 2649 ||| INVOKING Spit Poison.
  2677 | D:4      | 2677 ||| INVOKING Spit Poison.
  2741 | D:4      | 2741 ||| INVOKING Spit Poison.
  2744 | D:4      | 2744 ||| INVOKING Spit Poison.
  2748 | D:4      | 2748 ||| INVOKING Spit Poison.
  2749 | D:4      | 2749 ||| Stepping ~*~*~tactically~*~*~ (outnumbered).
  2750 | D:4      | 2750 ||| INVOKING Spit Poison.
  2754 | D:4      | 2754 ||| INVOKING Spit Poison.
  2757 | D:4      | 2757 ||| Stepping ~*~*~tactically~*~*~ (outnumbered).
  2759 | D:4      | 2759 ||| Stepping ~*~*~tactically~*~*~ (outnumbered).
  2760 | D:4      | 2760 ||| INVOKING Spit Poison.
  2762 | D:4      | 2762 ||| Stepping ~*~*~tactically~*~*~ (outnumbered).
  2765 | D:4      | 2765 ||| INVOKING Spit Poison.
  2766 | D:4      | 2766 ||| Stepping ~*~*~tactically~*~*~ (outnumbered).
  2768 | D:4      | 2768 ||| INVOKING Spit Poison.
  2771 | D:4      | 2771 ||| INVOKING Spit Poison.
  2774 | D:4      | HP: 14/57 [kobold/+0 whip (1)]
  2774 | D:4      | HP: 6/57 [kobold brigand/+0 dagger (8)]
  2774 | D:4      | HP: 1/57 [kobold/+0 whip (5)]
  2775 | D:4      | 2775 ||| READING 3 scrolls of teleportation.
  2776 | D:4      | 2776 ||| INVOKING Spit Poison.
  2776 | D:4      | Slain by a kobold brigand

Levels and vault maps discovered:
D:1:      onia_arrival_mini_maze_b, layout_rooms,
          dilly_ecumenical_altar_fadedgnrine
D:2:      layout_basic
D:3:      layout_loops_ring
D:4:      kennysheep_kobold_camp, layout_cave_pools, general_overflow_altar,
          kennysheep_little_box, serial_shops, nicolae_shop_just_a_little_nook,
          minivault_27, kennysheep_generic_room_7

Skill      XL: |  1  2  3  4  5 |
---------------+----------------+-----
Ranged Weapons | 4 5 6 |  6.5
Fighting       | 3 4 |  4.0
Dodging        | |  1.5
Stealth        | |  1.5

Action                     |  1- 3 |  4- 6 || total
---------------------------+-------+-------++-------
   Fire: Shortbow          |    58 |    80 ||   138
         Longbow           |       |    35 ||    35
Ability: Spit Poison       |    26 |    50 ||    76
    Use: Scroll            |     4 |     8 ||    12
         Potion            |       |     3 ||     3
 Armour: Leather armour    |     5 |    18 ||    23
  Dodge: Dodged            |    14 |    44 ||    58

Table legend:
 A = Non-vault XP
 B = Vault XP
 C = Vault XP percentage of total XP
 D = Non-vault monster count
 E = Vault monster count
 F = Vault count percentage of total count
                 A         B        C        D         E       F
            +---------+---------+-------+---------+---------+-------
      Total |     586 |      14 |   2.3 |      74 |      10 |  11.9
            +---------+---------+-------+---------+---------+-------
        D:1 |      41 |       1 |   2.4 |      25 |       1 |   3.8
        D:2 |      56 |       0 |   0.0 |      14 |       0 |   0.0
        D:3 |     192 |       0 |   0.0 |      21 |       0 |   0.0
        D:4 |     297 |      13 |   4.2 |      14 |       9 |  39.1
            +---------+---------+-------+---------+---------+-------
